 Dungeon Crawl Stone Soup version 0.29-a0-337-g68df138881 (webtiles) character file.

Game seed: 10151136551912790998

13964 Lekart the Fighter (level 11, 0/81 HPs)
             Began as a Green Draconian Chaos Knight on Apr 17, 2022.
             Was a Plaything of Xom.
             Slain by a six-headed hydra (9 damage)
             ... on level 10 of the Dungeon.
             The game lasted 00:15:30 (9556 turns).

Lekart the Fighter (Green Draconian Chaos Knight)   Turns: 9556, Time: 00:15:31

Health: 0/81       AC: 12    Str: 14      XL:     11   Next: 82%
Magic:  11/11      EV: 19    Int: 13      God:    Xom [*.....]
Gold:   387        SH:  0    Dex: 17 (18) Spells: 10/10 levels left

rFire   . . .      SeeInvis .   d - +7 rapier (distort)
rCold   . . .      Faith    .   (no shield)
rNeg    + . .      Spirit   .   (body armour unavailable)
rPois   +          Reflect  .   (helmet restricted)
rElec   .          Harm     .   m - +2 cloak of Ru's Righteous Fury {+Blink rN+ Int+3}
rCorr   .          Rampage  .   c - +0 pair of gloves
Will    .....                   e - +0 pair of boots
Stlth   ++........              f - amulet of regeneration
HPRegen 1.03/turn               n - +4 ring of slaying
MPRegen 0.12/turn               A - +6 ring of dexterity

@: no status effects
A: breathe noxious fumes, AC +7, unfitting armour, poison resistance,
cold-blooded, deterioration 1, dopey 1, frail 2, weak 2
a: Breathe Noxious Fumes, Renounce Religion, Evoke Blink


You were on level 10 of the Dungeon.
You worshipped Xom.
You were a special plaything of Xom.
You visited 2 branches of the dungeon, and saw 12 of its levels.
You also visited: Ossuary.

You collected 467 gold pieces.
You spent 80 gold pieces at shops.

Inventory:

Hand Weapons
 a - a +1 falchion of chaos
 d - a +7 rapier of distortion (weapon)
 J - a +1 scimitar of flaming
Missiles
 C - a throwing net
Armour
 c - a +0 pair of gloves (worn)
 e - a +0 pair of boots (worn)
 m - the +2 cloak of Ru's Righteous Fury (worn) {+Blink rN+ Int+3}
   (You acquired it on level 9 of the Dungeon)

   Int:       It affects your intelligence (+3).
   rN:        It protects you from negative energy.
   +Blink:    It lets you blink.
 v - a +1 cloak
Jewellery
 f - an amulet of regeneration (around neck)
 g - a ring of protection from cold
 n - a +4 ring of slaying (left hand)
 t - a ring of resist corrosion
 z - a ring of positive energy
 A - a +6 ring of dexterity (right hand)
 K - a ring of willpower
Wands
 p - a wand of iceblast (17)
 u - a wand of acid (6)
 H - a wand of digging (3)
 I - a wand of flame (2)
Scrolls
 o - 5 scrolls of teleportation
 r - a scroll of silence
 s - a scroll of holy word
 w - a scroll of magic mapping
 F - a scroll of immolation {unknown}
 G - 2 scrolls of identify
Potions
 h - a potion of lignification
 i - 8 potions of curing
 j - 3 potions of cancellation
 k - 6 potions of flight
 l - a potion of brilliance
 q - a potion of invisibility
 x - 3 potions of might {unknown}
 B - a potion of haste {unknown}
 D - a potion of magic {unknown}
 E - a potion of resistance
Miscellaneous
 b - a piece from Xom's chessboard (14/15) (quivered)


   Skills:
 * Level 11.3 Fighting
 + Level 11.1(11.7) Short Blades
 + Level 5.6(9.1) Long Blades
 + Level 11.2 Dodging
 + Level 1.0 Evocations


You had 10 spell levels left.
You didn't know any spells.
Your spell library contained the following spells:

 Spells                   Type           Power      Damage    Failure   Level
 Magic Dart               Conj           0%         1d3       30%         1
 Call Imp                 Summ           0%         N/A       43%         2
 Searing Ray              Conj           0%         2d4       43%         2
 Call Canine Familiar     Summ           0%         N/A       67%         3
 Mephitic Cloud           Conj/Pois/Air  0%         N/A       67%         3
 Portal Projectile        Hex/Tloc       0%         N/A       67%         3
 Fulminant Prism          Conj/Hex       0%         3d6       97%         4
 Leda's Liquefaction      Hex/Erth       0%         N/A       97%         4


Dungeon Overview and Level Annotations

Branches:
Dungeon (11/15)            Temple (1/1) D:5            Lair (0/6) D:10
Ossuary (visited)
    Orc: D:9-12

Altars:
Ashenzari
Cheibriados
Dithmenos
Elyvilon
Fedhas
Gozag
Hepliaklqana
Kikubaaqudgha
Makhleb
Nemelex Xobeh
Okawaru
Qazlal
Ru
Sif Muna
Trog
Uskayaw
Vehumet
Wu Jian
Xom
Yredelemnul
Zin
The Shining One

Shops:
D:1 (   D:3 [   D:5 (   D:6 !

Portals:
Trove: D:10 (give 16 potions of curing)

Annotations:
D:8 1 runed translucent door, Winged's ghost, novice GrFi
D:11 2 transporters
Abyss:1 Gastronok


Innate Abilities, Weirdness & Mutations

You can breathe blasts of noxious fumes.
Your lurid green scales are hard. (AC +7)
You cannot fit into any form of body armour.
Your system is resistant to poisons. (rPois)
You are cold-blooded and may be slowed by cold attacks.
Your body sometimes deteriorates upon taking damage.
You are dopey. (Int -2)
You are very frail. (-20% HP)
You are very weak. (Str -4)


Message History

The stone staircase leading up slides away as you move beside it!
The vampire mosquito bites you but does no damage.
The vampire mosquito misses you.
The stone staircase leading up slides away as you move beside it!
You have got your breath back.
The vampire mosquito completely misses you.
The vampire mosquito barely misses you.
The stone staircase leading up slides away as you move beside it!
The vampire mosquito misses you. The vampire mosquito barely misses you.
The stone staircase leading up slides away as you move beside it!
The stone staircase leading up slides away as you move beside it!
The vampire mosquito bites you but does no damage.
The vampire mosquito misses you.
The vampire mosquito barely misses you. x2
There is a stone staircase leading up here.
The vampire mosquito bites you but does no damage.
The vampire mosquito closely misses you.
Something bites you. x3; Something barely misses you.
Something bites you!
Your body deteriorates!
You feel clumsy. Something barely misses you.
You climb upwards.
The stone staircase leading down settles down.
Reactivating autopickup.
There is a stone staircase leading down here.
You impale the vampire mosquito!!
Space warps around the vampire mosquito.
You destroy the vampire mosquito!
Something completely misses you. Something bites you!
* * * LOW HITPOINT WARNING * * *
Deactivating autopickup; reactivate with Ctrl-A.
Something bites you!
* * * LOW HITPOINT WARNING * * *
Something bites you but does no damage. Something barely misses you.
Something bites you.
* * * LOW HITPOINT WARNING * * *
You see here a vampire mosquito corpse.
Something bites you but does no damage. Something barely misses you.
Something bites you!
You die... "It's all fun and games until someone loses an eye."

#####.###PP..PPPPPPP###..##...##.
........##PPPPPPPPP###......<.##.
#####.#.##############.......###.
#.#....#.....................
#...#######....#.#...[[..###.
#####.#....#....####.#......[###.
.....#.....#.#### #.#...........
#####.###..#....####.#.......##..
#.....# #....##>@.......###......
#.##### #.#.######.####.###.###.#
#.# #.#.# #.# ##...## #.. #.#
#.#.# #.### ##.## ### #.# #.#.##
##'.## #.# #.#######....#
#...###.# #........#.#.#
##...##.#
#######.###..########...### #.##
##........##[..##


There were no monsters in sight!

Vanquished Creatures
  A boulder beetle (D:7)
  A two-headed ogre (D:8)
  Erica (D:10)
  A komodo dragon (D:10)
  A troll (D:7)
  Grinder (D:6)
  2 wyverns
  Eustachio (D:4)
  8 yaks
  2 steam dragons
  3 vampire mosquitoes
  An acid dragon (D:10)
  2 water moccasins
  Duvessa (D:6)
  3 orc warriors
  2 ice beasts
  A sky beast (D:7)
  2 ogres
  6 centaurs
  A phantom (D:4)
  Blork the orc (D:4)
  A kobold brigand (D:7)
  2 necrophages
  A bullfrog (D:8)
  A scorpion (D:4)
  9 wights
  Dowan (D:6)
  6 killer bees
  A howler monkey (D:3)
  3 human zombies (Ossuary)
  A centaur zombie (Ossuary)
  Crazy Yiuf (D:6)
  3 hounds
  2 jellies
  4 orc priests
  2 gnoll shamans
  An iguana (D:5)
  4 orc wizards
  2 mummies (Ossuary)
  12 gnolls
  4 adders
  A white imp (D:7)
  An ufetubus (D:4)
  2 adder zombies (Ossuary)
  4 dart slugs
  16 orcs
  A bat (D:2)
  2 endoplasms
  4 giant cockroaches
  4 goblins
  6 hobgoblins
  7 jackals
  10 quokkas
  5 ball pythons
  5 frilled lizards
  A goblin zombie (Ossuary)
  10 hobgoblin zombies (Ossuary)
  2 jackal zombies (Ossuary)
  16 kobolds
  13 kobold zombies (Ossuary)
  3 orc zombies (Ossuary)
  5 rats
  A rat zombie (Ossuary)
222 creatures vanquished.

Vanquished Creatures (collateral kills)
  An endoplasm (D:1)
1 creature vanquished.

Vanquished Creatures (others)
  A howler monkey (D:10)
  An orc (D:10)
  A bat (D:2)
  10 plants
13 creatures vanquished.

Grand Total: 236 creatures vanquished

Notes
Turn   | Place    | Note
-------+----------+-------------------------------------------
     0 | D:1      | Lekart the Draconian Chaos Knight began the quest for the
                  | Orb.
     0 | D:1      | Reached XP level 1. HP: 19/19 MP: 1/1
    68 | D:1      | Found a faded altar of an unknown god.
   160 | D:1      | Found Agyemoos's Antique Weapon Emporium.
   191 | D:1      | Reached XP level 2. HP: 26/27 MP: 2/2
   579 | D:1      | XOM: silly message
   714 | D:1      | XOM: silly message
  1258 | D:2      | Reached XP level 3. HP: 27/33 MP: 3/3
  1497 | D:2      | XOM: summons 2 hostile demons
  1850 | D:2      | Found an ancient bone altar of Kikubaaqudgha.
  1888 | D:2      | XOM: divination: detect items
  1992 | D:2      | XOM: divination: detect creatures
  2277 | D:3      | Reached XP level 4. HP: 27/41 MP: 4/4
  2330 | D:3      | XOM: 3-stop teleportation journey
  2495 | D:3      | Found Xerost's Armour Shop.
  2564 | D:3      | XOM: divination: magic mapping
  2815 | D:4      | Noticed Eustachio
  2970 | D:4      | Killed Eustachio
  2971 | D:4      | Reached skill level 5 in Fighting
  2971 | D:4      | Reached XP level 5. HP: 25/48 MP: 5/5
  3018 | D:4      | XOM: 8-stop teleportation journey
  3044 | D:4      | Reached XP level 6. HP: 56/56 MP: 6/6
  3052 | D:4      | Reached skill level 5 in Long Blades
  3203 | D:4      | XOM: cast spell 'Alistair's Intoxication'
  3279 | D:4      | Found a sand-covered staircase.
  3284 | Ossuary  | Entered an ossuary
  3381 | Ossuary  | Reached skill level 1 in Short Blades
  3417 | Ossuary  | Reached skill level 1 in Evocations
  3417 | Ossuary  | Your scales start taking on a lurid green colour.
  3417 | Ossuary  | Reached XP level 7. HP: 62/62 MP: 7/7
  3417 | Ossuary  | Gained mutation: Your system is resistant to poisons.
                  | (rPois) [Green Draconian growth]
  3536 | D:4      | XOM: silly message
  3999 | D:4      | Noticed Blork the orc
  4007 | D:4      | Killed Blork the orc
  4008 | D:4      | Reached XP level 8. HP: 42/71 MP: 8/8
  4077 | D:5      | Entered Level 5 of the Dungeon
  4107 | D:5      | XOM: silly message
  4117 | D:5      | Reached skill level 5 in Short Blades
  4132 | D:5      | Found the +1 Delatra's gloves {ID++}
  4255 | D:5      | Found a staircase to the Ecumenical Temple.
  4259 | D:5      | XOM: summons 8 friendly demons
  4291 | Temple   | Entered the Ecumenical Temple
  4393 | D:5      | Found Uzynar's Antique Weapon Shop.
  4408 | D:5      | Found a sparkling altar of Nemelex Xobeh.
  4506 | D:5      | XOM: god gift: scimitar {god gift}
  4588 | D:5      | XOM: cloud trail
  4904 | D:6      | Noticed Duvessa
  4904 | D:6      | Noticed Dowan
  4905 | D:6      | XOM: noise
  4908 | D:6      | Killed Duvessa
  4910 | D:6      | Killed Dowan
  4954 | D:6      | Found Waetaos's Distillery.
  4961 | D:6      | Bought a potion of mutation for 80 gold pieces
  4961 | D:6      | Gained mutation: Your tail ends in a venomous barb. [potion
                  | of mutation]
  4961 | D:6      | Gained mutation: You are frail. (-10% HP) [potion of
                  | mutation]
  4961 | D:6      | Gained mutation: You are covered in fur. (AC +1) [potion of
                  | mutation]
  4976 | D:6      | XOM: silly message
  5041 | D:6      | XOM: cast spell 'Summon Small Mammal'
  5043 | D:6      | XOM: fog
  5071 | D:6      | Reached XP level 9. HP: 71/71 MP: 9/9
  5261 | D:6      | Found a runed translucent door.
  5262 | D:6      | Noticed Crazy Yiuf
  5354 | D:6      | XOM: give mutations
  5354 | D:6      | Gained mutation: You occasionally shout uncontrollably at
                  | your foes. [Xom's mischief]
  5354 | D:6      | Gained mutation: You are weak. (Str -2) [Xom's mischief]
  5458 | D:6      | Noticed Grinder
  5467 | D:6      | Killed Grinder
  5738 | D:6      | Killed Crazy Yiuf
  5893 | D:7      | Noticed a troll
  5903 | D:7      | Killed a troll
  6081 | D:7      | XOM: silly message
  6129 | D:7      | XOM: 1-stop teleportation journey
  6276 | D:7      | XOM: swap monsters
  6361 | D:7      | Noticed a boulder beetle
  6366 | D:7      | XOM: enchant monster (good)
  6376 | D:7      | Killed a boulder beetle
  6377 | D:7      | Reached skill level 5 in Dodging
  6377 | D:7      | Reached XP level 10. HP: 34/81 MP: 10/10
  6425 | D:7      | Reached skill level 10 in Dodging
  6425 | D:7      | Reached XP level 11. HP: 87/87 MP: 11/11
  6738 | D:8      | Noticed Gastronok
  6742 | D:8      | XOM: confuse monster(s)
  6745 | D:8      | XOM: smoke on damage
  6747 | D:8      | XOM: fake destruction
  6749 | D:8      | Banished Gastronok
  6750 | D:8      | Reached skill level 10 in Short Blades
  6799 | D:8      | Noticed Winged's ghost (novice GrFi)
  6805 | D:8      | Found a runed translucent door.
  6906 | D:8      | Noticed a two-headed ogre
  6909 | D:8      | XOM: scenery: 1 doors close
  6916 | D:8      | XOM: butterfly on damage
  6920 | D:8      | Killed a two-headed ogre
  6921 | D:8      | Reached skill level 10 in Fighting
  7221 | D:8      | XOM: stat loss: -1 Int (11/12)
  7410 | D:8      | XOM: give mutations
  7410 | D:8      | Gained mutation: You are very frail. (-20% HP) [Xom's
                  | mischief]
  7410 | D:8      | Gained mutation: You are very weak. (Str -4) [Xom's
                  | mischief]
  7582 | D:9      | XOM: give mutation
  7582 | D:9      | Gained mutation: You are dopey. (Int -2) [Xom's mischief]
  7701 | D:9      | XOM: summons 6 hostile demons
  7778 | D:9      | Identified a scroll of acquirement
  7778 | D:9      | Acquired the +2 cloak of Ru's Righteous Fury {+Blink rN+
                  | Int+3}
  7978 | D:9      | XOM: swap monsters
  7984 | D:9      | XOM: stat loss: -1 Int (12/13)
  8368 | D:9      | XOM: noise
  8485 | D:9      | XOM: summons 3 hostile demons
  8640 | D:10     | Entered Level 10 of the Dungeon
  8658 | D:10     | XOM: 2-stop teleportation journey
  8722 | D:10     | XOM: polymorph yak -> queen bee
  8837 | D:10     | Noticed Erica
  8866 | D:10     | Killed Erica
  8926 | D:10     | XOM: noise
  8993 | D:10     | Found a staircase to the Lair.
  9000 | D:10     | XOM: give mutations
  9000 | D:10     | Lost mutation: You occasionally shout uncontrollably at
                  | your foes. [Xom's mischief]
  9000 | D:10     | Gained mutation: Your body sometimes deteriorates upon
                  | taking damage. [Xom's mischief]
  9000 | D:10     | Lost mutation: You are covered in fur. (AC +1) [Xom's
                  | mischief]
  9000 | D:10     | Lost mutation: Your tail ends in a venomous barb. [Xom's
                  | mischief]
  9049 | D:10     | Found a portal to a secret trove of treasure.
  9305 | D:10     | XOM: cleaving
  9438 | D:11     | Noticed a boulder beetle
  9438 | D:11     | Noticed a fire dragon
  9439 | D:11     | Found a transporter.
  9439 | D:11     | Found a transporter.
  9439 | D:11     | XOM: 5-stop teleportation journey
  9451 | D:11     | Noticed a two-headed ogre
  9453 | D:11     | XOM: confusion
  9533 | D:11     | Noticed a six-headed hydra
  9536 | D:11     | XOM: repel stairs
  9556 | D:10     | Slain by a six-headed hydra

Illustrated notes

Levels and vault maps discovered:
D:1:      lemuel_arrival_behind_the_door_small, layout_basic, serial_shops,
          nicolae_shop_crystal, hellmonk_ecumenical_altar_crossroads
D:2:      layout_loops_ring, basic_altar
D:3:      layout_loops_ring, serial_shops, nicolae_shop_statue_plus
D:4:      layout_basic, enter_ossuary_2, uniq_eustachio, uniq_blork_the_orc
D:5:      layout_loops_cross, nemelex_spade_bored_becter,
          minmay_temple_entry_glass, serial_shops, nicolae_shop_statue_plus
D:6:      layout_cave_pods, serial_shops,
          nicolae_shop_temple_entry_statues_fountains, uniq_crazy_yiuf_cottage,
          uniq_grinder, uniq_duvessa
D:7:      layout_loops_ring
D:8:      layout_gridville, hellmonk_ghost_big_iron, serial_co_window_serial,
          co_window_paths_a, co_window_of_opportunity_a, co_window_paths_b,
          co_window_of_opportunity_a, co_window_paths_a,
          co_window_of_opportunity_b, co_window_broadway_a, co_window_corner_b,
          co_window_broadway_a, co_window_cross_4, glass_columns_b,
          minmay_crystal_water, chequers_serial_rivers_large_b,
          chequers_serial_rivers_marsh, uniq_gastronok
D:9:      layout_grid_maze, serial_bayou_pond_e
D:10:     layout_loops_ring, david_lair_shrubbed, nicolae_trove_entry_diagonal,
          chequers_hall_statues_corner_a, kennysheep_generic_room_11,
          uniq_erica, uniq_erolcha
D:11:     layout_rooms, david_orc_5, serial_shops, kennysheep_little_box,
          gammafunk_ghost_wrathful_warriors, grunt_ministairs_6,
          nicolae_figureground_sparkle, uniq_josephine
Temple:   dpeg_three_leaves_temple

Skill      XL: |  1  2  3  4  5  6  7  8  9 10 11 |
---------------+----------------------------------+-----
Fighting       | 4 5 6 7 9 11 | 11.3
Long Blades    | 4 5 |  5.6
Dodging        | 3 4 5 10 11 | 11.2
Short Blades   | 2 4 7 9 11 | 11.1
Evocations     | 1 |  1.0

Action                   |  1- 3 |  4- 6 |  7- 9 | 10-12 || total
-------------------------+-------+-------+-------+-------++-------
Melee: Falchion          |   129 |    29 |       |       ||   158
       Tailslap          |    10 |     9 |    27 |    36 ||    82
       Punch             |     1 |       |     3 |     3 ||     7
       Rapier            |       |    58 |   211 |   191 ||   460
 Abil: Breathe Noxious F |       |       |     2 |     2 ||     4
       Evoke Blink       |       |       |       |     1 ||     1
Evoke: Piece from Xom's  |       |     6 |       |     1 ||     7
  Use: Scroll            |     6 |     1 |     6 |     7 ||    20
       Potion            |     2 |     1 |     2 |     1 ||     6
 Stab: Sleeping          |     1 |     1 |       |     2 ||     4
       Distracted        |       |       |     1 |       ||     1
       Confused          |       |       |     3 |     3 ||     6
Armor: Skin              |    95 |    22 |    64 |    72 ||   253
Dodge: Dodged            |   132 |    50 |   115 |   232 ||   529

Table legend: (Time is in decaauts)
 A = Elapsed time spent in this place.
 B = Non-inter-level travel time spent in this place.
 C = Inter-level travel time spent in this place.
 D = Time resting spent in this place.
 E = Time spent auto-exploring this place.
 F = Levels seen in this place.
 G = Mean time per level.
                   A        B        C        D        E       F      G
               +--------+--------+--------+--------+--------+-----+--------+
         Total |   9530 |   9208 |    322 |    522 |   7022 |  13 |  733.1 |
       Dungeon |   9204 |   8897 |    307 |    522 |   6852 |  11 |  836.7 |
        Temple |     85 |     70 |     15 |      0 |     61 |   1 |   85.0 |
       Ossuary |    240 |    240 |      0 |      0 |    109 |   1 |  240.0 |
               +--------+--------+--------+--------+--------+-----+--------+

Top non-repeatable levels by time:
     D:1: 1265 daAuts
     D:9: 1066 daAuts
     D:2: 996 daAuts
     D:4: 894 daAuts
     D:6: 892 daAuts
     D:7: 881 daAuts
     D:8: 860 daAuts
    D:10: 854 daAuts
     D:5: 736 daAuts
     D:3: 712 daAuts
 Ossuary: 240 daAuts
  Temple: 85 daAuts
    D:11: 45 daAuts
